 Dungeon Crawl Stone Soup version 0.28.0-45-g0d030f2227 (webtiles) character file.

Game seed: 13567537067441639091

1997 protoss039 the Geomancer (level 9, -4/45 HPs)
             Began as a Gargoyle Earth Elementalist on Apr 30, 2022.
             Slain by a wyvern skeleton (6 damage)
             ... on level 7 of the Dungeon.
             The game lasted 00:17:42 (7728 turns).

protoss039 the Geomancer (GrEE)                     Turns: 7728, Time: 00:17:43

Health: -4/45      AC: 13    Str: 13    XL:     9   Next: 21%
Magic:  11/18      EV: 10    Int: 25    God:
Gold:   318        SH:  0    Dex: 10    Spells: 15/21 levels left

rFire   . . .      SeeInvis .   t - +2 war axe (elec)
rCold   . . .      Faith    .   (no shield)
rNeg    + . .      Spirit   .   h - +0 ring mail
rPois   ∞          Reflect  .   v - +0 helmet
rElec   +          Harm     .   (no cloak)
rCorr   .          Rampage  .   (no gloves)
Will    .....                   w - +0 pair of boots
Stlth   +.........              (no amulet)
HPRegen 0.15/turn               d - +6 ring of intelligence
MPRegen 0.16/turn               (no ring)

@: studying Dodging
A: sickness immunity, AC +6, negative energy resistance 1, electricity
resistance, torment resistance 1, petrification resistance
a: no special abilities


You were on level 7 of the Dungeon.
You visited 1 branch of the dungeon, and saw 7 of its levels.

You collected 318 gold pieces.

Inventory:

Hand Weapons
 i - a +1 vampiric whip
 j - a +2 flail of draining
 t - a +2 war axe of electrocution (weapon)
 C - a +1 trident of venom
Missiles
 c - 82 stones
 y - a throwing net
Armour
 h - a +0 ring mail (worn)
 v - a +0 helmet (worn)
 w - a +0 pair of boots (worn)
 E - a +0 buckler
Jewellery
 d - a +6 ring of intelligence (left hand)
 k - a ring of fire
Wands
 u - a wand of digging (1)
 x - a wand of charming (7)
Scrolls
 a - a scroll of torment {unknown}
 e - a scroll of brand weapon {unknown}
 f - 2 scrolls of fear {unknown}
 g - 2 scrolls of summoning {unknown}
 l - 3 scrolls of teleportation
 m - a scroll of enchant weapon {unknown}
 p - a scroll of enchant armour {unknown}
 q - a scroll of immolation {unknown}
 D - a scroll of amnesia {unknown}
Potions
 n - a potion of experience {unknown}
 o - a potion of haste {unknown}
 s - 2 potions of cancellation
 z - a potion of mutation {unknown}
 A - a potion of might
 B - a potion of magic {unknown}


   Skills:
 - Level 1.5 Dodging
 - Level 2.1 Stealth
 + Level 6.5 Spellcasting
 + Level 7.0 Conjurations
 - Level 1.0 Transmutations
 + Level 9.1 Earth Magic


You had 15 spell levels left.
You knew the following spells:

 Your Spells              Type           Power      Damage    Failure   Level
a - Sandblast             Erth           100%       2d20      1%          1
b - Passwall              Tmut/Erth      27%        N/A       3%          2
c - Stone Arrow           Conj/Erth      96%        3d13      1%          3

Your spell library contained the following spells:

 Spells                   Type           Power      Damage    Failure   Level
 Summon Small Mammal      Summ           32%        N/A       16%         1
 Petrify                  Tmut/Erth      33%        N/A       19%         4
 Call Canine Familiar     Summ           8%         N/A       43%         3
 Summon Guardian Golem    Hex/Summ       8%         N/A       43%         3


Dungeon Overview and Level Annotations

Branches:
Dungeon (7/15)             Temple (0/1) D:4

Altars:
Kikubaaqudgha
Qazlal

Shops:
D:1 *   D:5 =

Annotations:
D:3 1 runed translucent door, Seraphu's ghost, amateur HOFi


Innate Abilities, Weirdness & Mutations

You are immune to sickness and miasma.
Your stone body is resilient. (AC +6)
You are immune to poison.
You resist negative energy. (rN+)
You are resistant to electric shocks. (rElec)
You are resistant to unholy torment.
You are immune to petrification.


Message History

Aim: a steam dragon (steam, severely wounded, 84% to hit)
The blast of sand hits the steam dragon!!
You kill the steam dragon!
Your Conjurations skill increases to level 7!
Your Earth Magic skill increases to level 9!
There is a stone staircase leading up here.
You start resting.
A centaur comes into view. It is wielding a +0 dagger.
The centaur unwields a +0 dagger.
The centaur wields a +0 shortbow.
The centaur shoots an arrow.
The arrow hits you.
* * * LOW HITPOINT WARNING * * *
You climb upwards.
There is a stone staircase leading down here.
You see here 3 potions of degeneration.
The sentinel's mark upon you fades away.
You see here a +0 whip.
There is a stone staircase leading down here.
You climb downwards.
You hear the hiss of flowing sand.
There is an entrance to an ossuary on this level.
Hurry and find it before the portal is buried!
You hear the slow hiss of an avalanche of sand nearby.
The wyvern skeleton bites you but does no damage. x2
Found a robe.
Found a stone staircase leading up.
There is a stone staircase leading up here.
The wyvern skeleton bites you but does no damage.
You climb upwards.
There is a stone staircase leading down here.
Okay, then.
As you read the scroll of identify, it crumbles to dust.
A - a potion of might Unknown command.
You climb downwards.
You hear the hiss of flowing sand.
There is an entrance to an ossuary on this level.
Hurry and find it before the portal is buried!
The wyvern skeleton bites you but does no damage.
The wyvern skeleton bites you!
* * * LOW HITPOINT WARNING * * *
There is a stone staircase leading up here.
The wyvern skeleton bites you.
You die...

. ##....#
c #.....#
# #....<#
#.....#
#.....#
#.....+
#.....##
#...@..#
#...Z..#
#......+
#......#
...##....
....
+.....
....
#.....[
.≈§.
#.......


You could see a wyvern skeleton.

Vanquished Creatures
  Grinder (D:3)
  A steam dragon (D:7)
  2 sky beasts (D:5)
  An ogre (D:6)
  2 centaurs
  2 phantoms (D:5)
  2 bullfrogs
  A scorpion (D:3)
  A gnoll sergeant (D:6)
  A centaur zombie (D:6)
  A howler monkey (D:6)
  A bullfrog zombie (D:6)
  3 hounds
  A jelly (D:4)
  A gnoll shaman (D:6)
  A centaur skeleton (D:7)
  2 bullfrog skeletons
  2 iguanas
  Natasha (thrice) (D:4)
  2 orc wizards (D:5)
  A hound zombie (D:4)
  A hound skeleton (D:4)
  Robin (D:4)
  14 gnolls
  5 adders
  A shadow imp (D:6)
  2 worms
  5 dart slugs
  17 orcs
  9 ball pythons
  6 endoplasms
  5 giant cockroaches
  12 goblins
  10 hobgoblins
  5 jackals
  3 quokkas
  7 bats
  4 frilled lizards
  8 kobolds
  3 rats (D:1)
150 creatures vanquished.

Vanquished Creatures (collateral kills)
  3 gnolls (D:6)
3 creatures vanquished.

Vanquished Creatures (others)
  A human (D:4)
1 creature vanquished.

Grand Total: 154 creatures vanquished

Notes
Turn   | Place    | Note
-------+----------+-------------------------------------------
     0 | D:1      | protoss039 the Gargoyle Earth Elementalist began the quest
                  | for the Orb.
     0 | D:1      | Reached XP level 1. HP: 10/10 MP: 3/3
    31 | D:1      | Reached skill level 1 in Transmutations
   102 | D:1      | Found a faded altar of an unknown god.
   119 | D:1      | Reached XP level 2. HP: 11/15 MP: 3/5
   124 | D:1      | Reached skill level 4 in Earth Magic
   677 | D:1      | Found Qeiluumm's General Store.
   850 | D:1      | Reached XP level 3. HP: 11/19 MP: 4/6
  1299 | D:1      | Learned a level 2 spell: Passwall
  1303 | D:1      | Learned a level 3 spell: Stone Arrow
  1493 | D:2      | Reached XP level 4. HP: 24/24 MP: 8/8
  1499 | D:2      | Reached skill level 1 in Conjurations
  1794 | D:2      | Found a stormy altar of Qazlal.
  1864 | D:2      | Reached skill level 5 in Earth Magic
  2267 | D:2      | Reached XP level 5. HP: 28/28 MP: 5/9
  2586 | D:3      | Noticed Grinder
  2611 | D:3      | Killed Grinder
  2612 | D:3      | Reached skill level 6 in Earth Magic
  2612 | D:3      | Reached XP level 6. HP: 27/32 MP: 0/12
  2717 | D:3      | Noticed Seraphu's ghost (amateur HOFi)
  2720 | D:3      | Found a runed translucent door.
  3451 | D:4      | Noticed Natasha
  3456 | D:4      | Killed Natasha
  3457 | D:4      | Reached XP level 7. HP: 36/36 MP: 11/13
  4025 | D:4      | Noticed Natasha
  4033 | D:4      | Killed Natasha
  4039 | D:4      | Noticed Robin
  4042 | D:4      | Killed Robin
  4057 | D:4      | Noticed Natasha
  4057 | D:4      | Killed Natasha
  4470 | D:4      | Reached skill level 7 in Earth Magic
  4601 | D:4      | Found an ancient bone altar of Kikubaaqudgha.
  4607 | D:4      | Noticed a human
  4609 | D:4      | Killed a human
  4949 | D:4      | Found a staircase to the Ecumenical Temple.
  5170 | D:5      | Entered Level 5 of the Dungeon
  5190 | D:5      | Reached skill level 5 in Spellcasting
  5306 | D:5      | Reached skill level 5 in Conjurations
  5306 | D:5      | Reached XP level 8. HP: 41/41 MP: 8/15
  5489 | D:5      | Found Tiwic's One-of-a-Kind Rings.
  5908 | D:5      | Reached skill level 8 in Earth Magic
  7041 | D:6      | Reached XP level 9. HP: 45/45 MP: 18/18
  7670 | D:7      | Reached skill level 9 in Earth Magic
  7727 | D:7      | HP: 2/45 [wyvern skeleton (12)]
  7728 | D:7      | Slain by a wyvern skeleton

Illustrated notes

Levels and vault maps discovered:
D:1:      lightli_arrival_lavapool, layout_rooms, serial_shops, shop,
          hellmonk_ecumenical_altar_run_dry, minmay_misc_feat_pillars,
          amethyst_killhole, chequers_serial_rivers_marsh
D:2:      layout_basic, basic_altar, minmay_strange_pillars,
          minmay_misc_feat_four_crosses, minmay_misc_feat_room,
          corexii_item_surrounded_by_moat, item_on_display_a
D:3:      layout_loops_ring, hellmonk_ghost_happy_afterlife, uniq_grinder
D:4:      kennysheep_six_static_rooms, layout_gridville, tgw_kikubaaqudgha,
          temple_hall, minmay_manual_moon, uniq_robin, uniq_natasha
D:5:      layout_basic, nicolae_shop_unique_rings, solitary_fountain
D:6:      layout_loops_cross, grunt_decor_clamped,
          chequers_serial_rivers_micro_c, minmay_statues_item
D:7:      layout_gridville, nicolae_qazlal_scattered_showers,
          grunt_dithmenos_smoke, enter_ossuary_4

Skill      XL: |  1  2  3  4  5  6  7  8  9 |
---------------+----------------------------+-----
Transmutations | 1 |  1.0
Earth Magic    | 4 5 6 7 8 9 |  9.1
Spellcasting   | 3 4 5 6 |  6.5
Conjurations   | 1 3 5 6 7 |  7.0
Dodging        | |  1.5
Stealth        | |  2.1

Action                   |  1- 3 |  4- 6 |  7- 9 || total
-------------------------+-------+-------+-------++-------
Melee: Unarmed           |    29 |       |       ||    29
       Dagger            |    21 |       |       ||    21
       Whip              |    56 |    11 |     7 ||    74
       Flail             |       |    49 |    47 ||    96
       War axe           |       |       |    95 ||    95
       Punch             |       |       |     1 ||     1
 Cast: Sandblast         |    12 |    20 |    36 ||    68
       Stone Arrow       |       |     4 |    36 ||    40
       Passwall          |       |       |     2 ||     2
Evoke: Wand              |       |       |     1 ||     1
  Use: Scroll            |       |       |     5 ||     5
 Stab: Sleeping          |     4 |     1 |     1 ||     6
Armor: Robe              |    11 |       |       ||    11
       Ring mail         |    47 |    41 |    96 ||   184
Dodge: Dodged            |    75 |    46 |   120 ||   241
